 Dungeon Crawl Stone Soup version 0.23.2-33-g5129a83184 (webtiles) character file.

Game seed: 2724779899014406099

2275 t4s4d4r the Grappler (level 9, -1/59 (61) HPs)
             Began as an Octopode Fighter on July 10, 2019.
             Was an Initiate of Gozag.
             Slain by an ogre
             ... wielding a +0 giant club
              (19 damage)
             ... on level 8 of the Dungeon.
             The game lasted 00:13:16 (8081 turns).

t4s4d4r the Grappler (Octopode Fighter)             Turns: 8081, Time: 00:13:17

HP:   -1/59 (61)    AC:  1    Str: 16    XL:     9   Next: 39%
MP:   9/9           EV: 13    Int: 13    God:    Gozag
Gold: 694           SH:  9    Dex: 11    Spells: 4/8 levels left

rFire    . . .     SeeInvis .     - Unarmed
rCold    . . .     Gourm    .   p - +0 shield
rNeg     . . .     Faith    .   (helmet restricted)
rPois    .         Spirit   .   x - amulet of the acrobat
rElec    .         Reflect  .   o - ring of wizardry
rCorr    .         Harm     .   B - ring of protection from magic
MR       +....                  (no ring)
Stlth    ++........             (no ring)
HPRegen  0.19/turn              (no ring)
MPRegen  0.11/turn              (no ring)
                                (no ring)
                                (no ring)

@: gold aura
A: almost no armour, stealthy swim, amphibious, 8 rings, constrict 8, camouflage
1, gelatinous body 1
a: Potion Petition, Call Merchant, Bribe Branch, Renounce Religion


You were on level 8 of the Dungeon.
You worshipped Gozag.
Gozag was pleased with you.
You were very hungry.

You visited 2 branches of the dungeon, and saw 9 of its levels.
You also visited: Bailey.

You collected 735 gold pieces.
You paid 41 gold pieces to Gozag.

Inventory:

Hand Weapons
 a - a +2 dagger of venom
Missiles
 i - 157 stones (quivered)
 D - a throwing net
Armour
 p - a +0 shield (worn)
Jewellery
 o - a ring of wizardry (left tentacle)
 x - an amulet of the acrobat (around mantle)
 B - a ring of protection from magic (right tentacle)
 G - an uncursed amulet of faith {unknown}
Wands
 n - a wand of clouds (6)
 z - a wand of acid (6)
 C - a wand of digging (14)
Scrolls
 h - a scroll of magic mapping
 k - 2 scrolls of teleportation {unknown}
 r - 2 scrolls of immolation {unknown}
 t - a scroll of blinking {unknown}
 u - 2 scrolls of remove curse {unknown}
 y - a scroll of amnesia
 A - 2 scrolls of enchant weapon {unknown}
 E - a scroll of brand weapon {unknown}
 F - a scroll of fog {unknown}
Potions
 b - 2 potions of magic {unknown}
 d - a potion of brilliance {unknown}
 e - 3 potions of flight
 f - 3 potions of mutation
 g - 2 potions of haste
 j - 2 potions of resistance
 l - 2 potions of lignification {unknown}
 m - a potion of invisibility {unknown}
 q - a potion of ambrosia {unknown}
 s - 2 potions of degeneration {unknown}
 v - a potion of might
 w - 2 potions of agility {unknown}
 H - a potion of heal wounds {unknown}
Comestibles
 c - 11 rations


   Skills:
 - Level 5.0 Fighting
 + Level 5.2 Dodging
 - Level 5.0 Shields
 - Level 10.1 Unarmed Combat


You had 4 spell levels left.
You knew the following spells:

 Your Spells              Type           Power        Failure   Level  Hunger
a - Pain                  Necr           #...         41%         1    ##.....
b - Regeneration          Chrm/Necr      #.........   77%         3    ####...

Your spell library contained the following spells:

 Spells                   Type           Power        Failure   Level  Hunger
 Animate Skeleton         Necr           N/A          41%         1    ##.....
 Vampiric Draining        Necr           #.........   77%         3    ####...
 Animate Dead             Necr           N/A          98%         4    #####..


Dungeon Overview and Level Annotations

Branches:
Dungeon (8/15)             Temple (1/1) D:4
   Lair: D:8-11

Altars:
Ashenzari
Cheibriados
Dithmenos
Elyvilon
Fedhas
Gozag
Hepliaklqana
Makhleb
Nemelex Xobeh
Okawaru
Qazlal
Ru
Sif Muna
Uskayaw
Vehumet
Wu Jian
Xom
The Shining One

Shops:
D:4 [[%

Annotations:
D:4 1 runed translucent door, Crazy Yiuf


Innate Abilities, Weirdness & Mutations

You cannot wear most types of armour.
You are very stealthy in the water. (Stealth+)
You are amphibious.
You can wear up to eight rings at the same time.
You can use your tentacles to constrict eight enemies at once.
Your skin changes colour to match your surroundings (Stealth+).
Your rubbery body absorbs attacks. (AC +1, EV +1)


Message History

The ogre hits you with a +0 giant club!!
You tentacle-slap the ogre.
The ogre is moderately wounded.
You block the ogre's attack.
Your shield prevents you from hitting the ogre.
You squeeze the ogre.
The ogre is heavily wounded.
You tentacle-slap the ogre.
The ogre is heavily wounded.
The ogre misses you.
You tentacle-slap the ogre.
The ogre is severely wounded.
The ogre hits you with a +0 giant club!
Your shield prevents you from hitting the ogre.
The ogre is severely wounded.
You tentacle-slap the ogre. You squeeze the ogre.
The ogre is almost dead.
The ogre hits you with a +0 giant club!!
You die...
Your body crumbles into a pile of gold.

........#.......#
.........#.......#
........$.........#
...................#
....................+
............#........#
............#........#
.h..........O.......$#
............#@########
.........O$.###
............#
............#
....:.......#
............#
......$.....#
............#
............#


You could see an ogre.

Vanquished Creatures
  Grinder (D:3)
  Sigmund (D:4)
  A phantom (D:7)
  An ice beast (D:5)
  A necrophage (D:4)
  2 ogres
  A centaur (D:7)
  3 scorpions
  8 wights
  3 howler monkeys (D:7)
  A crimson imp (D:5)
  A hound (D:4)
  A quasit (D:7)
  A bullfrog zombie (D:6)
  3 orc priests
  Jessica (D:3)
  2 iguanas
  2 orc wizards
  4 worker ants
  A killer bee zombie (D:7)
  A hound zombie (D:6)
  4 worker ant zombies
  Robin (D:3)
  4 gnolls
  6 adders
  3 shadow imps
  An ooze (D:1)
  An adder zombie (D:5)
  3 worms
  An adder skeleton (D:4)
  3 dart slugs
  5 leopard geckos
  14 orcs
  13 bats
  7 giant cockroaches
  20 goblins
  10 hobgoblins
  10 jackals
  A ball python (D:4)
  7 frilled lizards
  A jackal skeleton (D:4)
  12 kobolds
  A quokka skeleton (D:4)
  5 rats
173 creatures vanquished.

Notes
Turn   | Place    | Note
-------+----------+-------------------------------------------
     0 | D:1      | t4s4d4r the Octopode Fighter began the quest for the Orb.
     0 | D:1      | Reached XP level 1. HP: 16/16 MP: 1/1
    74 | D:1      | Reached XP level 2. HP: 21/21 MP: 2/2
   206 | D:1      | Reached skill level 3 in Unarmed Combat
   401 | D:1      | Reached XP level 3. HP: 22/26 MP: 3/3
   858 | D:2      | Reached skill level 4 in Unarmed Combat
   953 | D:2      | Reached XP level 4. HP: 26/31 MP: 4/4
  1706 | D:3      | Noticed Jessica
  1711 | D:3      | Killed Jessica
  1910 | D:3      | Reached skill level 5 in Unarmed Combat
  1910 | D:3      | Reached XP level 5. HP: 36/36 MP: 5/5
  1928 | D:3      | Noticed Robin
  1981 | D:3      | Killed Robin
  2213 | D:3      | Noticed Grinder
  2443 | D:3      | Found an ancient bone altar of Kikubaaqudgha.
  2445 | D:3      | Found a hide-covered altar of Uskayaw.
  2445 | D:3      | Found a glowing golden altar of the Shining One.
  2447 | D:3      | Found a deep blue altar of Sif Muna.
  2447 | D:3      | Found a burning altar of Makhleb.
  2447 | D:3      | Found a shimmering altar of Xom.
  2574 | D:3      | Killed Grinder
  2574 | D:3      | Reached skill level 7 in Unarmed Combat
  2574 | D:3      | Reached XP level 6. HP: 17/42 MP: 6/6
  2976 | D:4      | Learned a level 1 spell: Animate Skeleton
  2980 | D:4      | Learned a level 3 spell: Regeneration
  3210 | D:4      | Found Foamesmo's Food Emporium.
  3223 | D:4      | Reached XP level 7. HP: 46/46 MP: 7/7
  3296 | D:4      | Reached skill level 8 in Unarmed Combat
  3588 | D:4      | Found a staircase to the Ecumenical Temple.
  3591 | D:4      | Noticed Sigmund
  3592 | D:4      | Found Neit's Antique Armour Shoppe.
  3597 | Temple   | Entered the Ecumenical Temple
  3779 | Temple   | Became a worshipper of Gozag Ym Sagoz the Greedy
  3861 | D:4      | Killed Sigmund
  4023 | D:4      | Found Esuext's Armour Shop.
  4054 | D:4      | Found a runed translucent door.
  4055 | D:4      | Noticed Crazy Yiuf
  4178 | D:4      | Reached skill level 9 in Unarmed Combat
  4178 | D:4      | Reached XP level 8. HP: 48/50 MP: 8/8
  4387 | D:5      | Entered Level 5 of the Dungeon
  4785 | D:4      | Learned a level 1 spell: Pain
  5806 | D:6      | Reached skill level 10 in Unarmed Combat
  5858 | D:6      | Found a glowing golden altar of the Shining One.
  6375 | D:7      | Found an ornate altar of the Wu Jian Council.
  6375 | D:7      | Found a white marble altar of Elyvilon.
  6753 | D:7      | Reached XP level 9. HP: 11/56 MP: 9/9
  7003 | D:7      | Found a flagged portal.
  7039 | Bailey   | Entered a bailey
  7744 | D:7      | Found a shadowy altar of Dithmenos.
  7985 | D:7      | Reached skill level 5 in Fighting
  7985 | D:7      | Reached skill level 5 in Shields
  8053 | D:8      | Reached skill level 5 in Dodging
  8081 | D:8      | Slain by an ogre

Skill      XL: |  1  2  3  4  5  6  7  8  9 |
---------------+----------------------------+-----
Unarmed Combat | 3 4 5 7 9 10 | 10.1
Fighting       | 4 5 |  5.0
Dodging        | 4 5 |  5.2
Shields        | 4 5 |  5.0

Action                   |  1- 3 |  4- 6 |  7- 9 || total
-------------------------+-------+-------+-------++-------
Melee: Unarmed           |    70 |    89 |   226 ||   385
       Constrict         |    16 |    30 |    48 ||    94
       Tentacles         |    16 |    20 |    48 ||    84
       Punch             |     1 |     3 |    14 ||    18
       Dagger            |       |    28 |       ||    28
 Cast: Pain              |       |       |     4 ||     4
  Use: Scroll            |       |     4 |     4 ||     8
       Potion            |       |     1 |       ||     1
 Stab: Sleeping          |     7 |     6 |     5 ||    18
       Distracted        |       |       |     2 ||     2
  Eat: Chunk             |       |     7 |     1 ||     8
       Ration            |       |       |     4 ||     4
Armor: Skin              |    13 |     7 |     5 ||    25
Dodge: Dodged            |    26 |    42 |    68 ||   136
Block: Shield            |    25 |    48 |    80 ||   153
